 Dungeon Crawl Stone Soup version 0.28-b1-70-g80dc712255 (webtiles) character file.

Game seed: 6898182256466218440

37263 AlmostDecent the Thaumaturge (level 13, -7/99 HPs)
             Began as a Gnoll Earth Elementalist on Feb 3, 2022.
             Was an Elder of Vehumet.
             Mangled by an eight-headed hydra (8 damage)
             ... on level 3 of the Lair of Beasts.
             The game lasted 01:59:29 (21666 turns).

AlmostDecent the Thaumaturge (GnEE)                Turns: 21666, Time: 01:59:29

Health: -7/99      AC: 17    Str:  9    XL:     13   Next: 95%
Magic:  23/27      EV: 16    Int: 26    God:    Vehumet [****..]
Gold:   1231       SH:  0    Dex: 13    Spells: 3/32 levels left

rFire   . . .      SeeInvis +   w - +5 spear "Xeopp" {vamp, rPois Will+ Int+5}
rCold   . . .      Faith    .   (no shield)
rNeg    . . .      Spirit   .   u - +1 steam dragon scales
rPois   +          Reflect  .   F - +1 helmet
rElec   .          Harm     .   J - +4 cloak "Pavas" {Str+5 Int-2}
rCorr   .          Rampage  .   m - +0 pair of gloves
Will    +....                   (no boots)
Stlth   +++++.....              d - amulet of magic regeneration
HPRegen 0.26/turn               e - ring of wizardry
MPRegen 0.60/turn               g - ring "Zearu Reu" {Str-3 Int+3 SInv Stlth+}

@: no status effects
A: fangs 1, strong nose, distributed training
a: Renounce Religion


You were on level 3 of the Lair of Beasts.
You worshipped Vehumet.
Vehumet was greatly pleased with you.
You visited 4 branches of the dungeon, and saw 18 of its levels.

You collected 1959 gold pieces.
You spent 728 gold pieces at shops.

Inventory:

Hand Weapons
 l - a +4 war axe
 n - a +2 scimitar of flaming
 w - the +5 spear "Xeopp" (weapon) {vamp, rPois Will+ Int+5}
   (You found it on level 8 of the Dungeon)

   It occasionally heals its wielder for a portion of the damage dealt when it
   wounds a living foe.
   Int:       It affects your intelligence (+5).
   rPois:     It protects you from poison.
   Will:      It increases your willpower.
Missiles
 c - 58 stones
 h - a throwing net
 C - 4 boomerangs of dispersal
Armour
 m - a +0 pair of gloves (worn)
 u - +1 steam dragon scales (worn)
 z - the +4 ring mail "Roliptikh" {*Corrode Str-3 Int+8 Slay+5}
   (You found it on level 9 of the Dungeon)

   Str:       It affects your strength (-3).
   Int:       It affects your intelligence (+8).
   Slay:      It affects your accuracy & damage with ranged weapons and melee
   (+5).
   *Corrode:  It may corrode you when you take damage.
 F - a +1 helmet (worn)
 J - the +4 cloak "Pavas" (worn) {Str+5 Int-2}
   (You acquired it on level 2 of the Orcish Mines)

   Str:       It affects your strength (+5).
   Int:       It affects your intelligence (-2).
 K - a +2 robe of fire resistance
 L - a +0 troll leather armour
Jewellery
 d - an amulet of magic regeneration (around neck)
 e - a ring of wizardry (left hand)
 g - the ring "Zearu Reu" (right hand) {Str-3 Int+3 SInv Stlth+}
   (You found it on level 4 of the Dungeon)

   [ring of see invisible]

   Str:       It affects your strength (-3).
   Int:       It affects your intelligence (+3).
   SInv:      It lets you see invisible.
   Stlth:     It makes you more stealthy.
 E - a ring of ice
 P - a ring of positive energy
Wands
 b - a wand of acid (10)
 p - a wand of polymorph (5)
 s - a wand of flame (44)
 v - a wand of mindburst (19)
 A - a wand of digging (8)
 I - a wand of paralysis (7)
Scrolls
 a - 9 scrolls of teleportation
 f - 2 scrolls of fog
 k - a scroll of acquirement
 y - a scroll of enchant weapon
 H - a scroll of identify
 O - a scroll of amnesia
Potions
 j - 2 potions of curing
 o - a potion of brilliance
 q - 2 potions of magic
 r - a potion of flight
 t - a potion of cancellation {unknown}
 x - a potion of haste {unknown}
 B - 2 potions of attraction {unknown}
 D - a potion of mutation {unknown}
 G - 2 potions of might
 M - a potion of ambrosia {unknown}
 N - a potion of lignification {unknown}
 Q - a potion of experience {unknown}
Miscellaneous
 i - a box of beasts


   Skills:
 + Level 8.7 Fighting
 + Level 8.7 Short Blades
 + Level 8.7 Long Blades
 + Level 8.7 Axes
 + Level 8.7 Maces & Flails
 + Level 8.7 Polearms
 + Level 8.7 Staves
 + Level 8.7 Slings
 + Level 8.7 Bows
 + Level 8.7 Crossbows
 + Level 8.7 Throwing
 + Level 8.7 Armour
 + Level 9.9 Dodging
 + Level 9.7 Stealth
 + Level 8.7 Shields
 + Level 8.7 Unarmed Combat
 + Level 10.1 Spellcasting
 + Level 7.3 Conjurations
 + Level 7.3 Hexes
 + Level 7.3 Summonings
 + Level 7.3 Necromancy
 + Level 7.3 Translocations
 + Level 7.6 Transmutations
 + Level 7.3 Fire Magic
 + Level 7.3 Ice Magic
 + Level 7.3 Air Magic
 + Level 9.2 Earth Magic
 + Level 7.3 Poison Magic
 + Level 9.5 Invocations
 + Level 8.7 Evocations


You had 3 spell levels left.
You knew the following spells:

 Your Spells              Type           Power      Damage    Failure   Level
a - Sandblast             Erth           100%       2d20      1%          1
b - Stone Arrow           Conj/Erth      100%       3d13      1%          3
c - Olgreb's Toxic Radia  Pois           50%        N/A       1%          4
d - Fulminant Prism       Conj/Hex       25%        3d14      1%          4
e - Borgnjor's Vile Clut  Necr/Erth      27%        N/A       1%          5
f - Animate Dead          Necr           25%        N/A       1%          4
g - Mephitic Cloud        Conj/Pois/Air  50%        N/A       1%          3
h - Freezing Cloud        Conj/Ice/Air   25%        6-21      1%          5

Your spell library contained the following spells:

 Spells                   Type           Power      Damage    Failure   Level
 Apportation              Tloc           100%       N/A       1%          1
 Magic Dart               Conj           100%       1d8       1%          1
 Sting                    Tmut/Pois      100%       1d8       1%          1
 Passwall                 Tmut/Erth      45%        N/A       1%          2
 Poisonous Vapours        Pois/Air       100%       N/A       1%          2
 Searing Ray              Conj           100%       2d8       1%          2
 Gell's Gravitas          Tloc           50%        N/A       1%          3
 Lesser Beckoning         Tloc           50%        N/A       1%          3
 Teleport Other           Tloc           50%        N/A       1%          3
 Tukima's Dance           Hex            50%        N/A       1%          3
 Passage of Golubria      Tloc           50%        N/A       1%          4
 Petrify                  Tmut/Erth      54%        N/A       1%          4
 Yara's Violent Unravell  Hex/Tmut       25%        3d11      1%          5
 Alistair's Intoxication  Tmut/Pois      34%        N/A       2%          5
 Silence                  Hex/Air        25%        N/A       2%          5
 Death Channel            Necr           25%        N/A       14%         6
 Lehudib's Crystal Spear  Conj/Erth      27%        10d7      63%         8


Dungeon Overview and Level Annotations

Branches:
Dungeon (12/15)            Temple (1/1) D:6            Lair (3/6) D:11
 Shoals (0/4) Lair:2          Orc (2/2) D:12            Elf (0/3) Orc:2
  Snake: Lair:2-4    Spider: Lair:2-4

Altars:
Ashenzari
Dithmenos
Elyvilon
Fedhas
Gozag
Kikubaaqudgha
Makhleb
Nemelex Xobeh
Qazlal
Ru
Sif Muna
Trog
Uskayaw
Vehumet
Wu Jian
Xom
Yredelemnul
Zin
The Shining One

Shops:
Orc:2 :?[[

Annotations:
D:3 2 transporters, Anonymone's ghost, amateur DsAK
D:4 2 runed translucent doors, dornbeast's ghost, novice HOGl


Innate Abilities, Weirdness & Mutations

You have very sharp teeth.
Your uncanny sense of smell can sniff out nearby items.
Your experience applies equally to all skills.


Message History

The eight-headed hydra closely misses you.
The eight-headed hydra barely misses you.
The eight-headed hydra closely misses you.
The eight-headed hydra bites you!
The eight-headed hydra barely misses you.
The eight-headed hydra closely misses you.
The eight-headed hydra bites you!
Casting: Stone Arrow (safe; 1% risk of failure)
Confirm with . or Enter, or press ? or * to list all spells.
Aiming: Stone Arrow (safe; 1% risk of failure)
Press: ? - help, Shift-Dir - straight line, f/p - eight-headed hydra
Aim: an eight-headed hydra (moderately wounded, 92% to hit)
The stone arrow hits the eight-headed hydra!!
The eight-headed hydra is heavily wounded.
A water moccasin comes into view.
The eight-headed hydra barely misses you.
The eight-headed hydra bites you. x2
The eight-headed hydra bites you but does no damage.
The eight-headed hydra bites you. The eight-headed hydra misses you.
The eight-headed hydra bites you!
* * * LOW HITPOINT WARNING * * *
The eight-headed hydra bites you!
* * * LOW HITPOINT WARNING * * *
You feel better. The eight-headed hydra bites you!
* * * LOW HITPOINT WARNING * * *
The eight-headed hydra bites you but does no damage. x2
The eight-headed hydra completely misses you. x2
The eight-headed hydra bites you.
* * * LOW HITPOINT WARNING * * *
The eight-headed hydra bites you!
* * * LOW HITPOINT WARNING * * *
The eight-headed hydra bites you.
* * * LOW HITPOINT WARNING * * *
As you read the scroll of fog, it crumbles to dust.
The scroll dissolves into smoke.
The eight-headed hydra closely misses you. x3
The eight-headed hydra bites you but does no damage. x3
The eight-headed hydra barely misses you.
The eight-headed hydra bites you!
You die...

#.. .....P.
#..........
#........#.
###..#.......
..#....P.......
.......$..$#
#..#.....#
#D§§.....+.
#§@§§......
#...§#§§§......
..#...§§§.......
#...#.........
##.....†......
.....#........
..#.<.##.......
...... ..P....
.###. .....#.


You could see an eight-headed hydra.

Vanquished Creatures
  Saint Roka (Orc:2)
  Gastronok (D:12)
  Josephine (Orc:1)
  2 hydras
  Erica (D:8)
  Harold (D:8)
  2 two-headed ogres
  An orc high priest (Orc:2)
  Pikel (D:8)
  6 orc sorcerers (Orc:2)
  2 cyclopes
  An ugly thing (D:11)
  A manticore (D:11)
  3 black mambas (Lair:2)
  5 cane toads
  Maggie (D:10)
  6 komodo dragons
  5 trolls
  A snapping turtle (Lair:2)
  Prince Ribbit (D:8)
  Grinder (D:5)
  10 blink frogs (Lair:2)
  A shadow (D:10)
  4 wraiths (D:12)
  4 wyverns
  A vampire (D:12)
  Eustachio (D:6)
  44 yaks
  4 vampire mosquitoes (D:11)
  A basilisk (Lair:1)
  2 steam dragons
  3 wargs
  An acid dragon (D:12)
  4 water moccasins
  19 orc warriors
  4 ice beasts
  3 black bears
  6 ogres
  2 sky beasts (D:7)
  6 wolves (Lair:2)
  4 centaurs
  6 phantoms
  7 bullfrogs
  A gnoll sergeant (D:10)
  A scorpion (D:5)
  A wyvern skeleton (D:6)
  A water moccasin skeleton (D:5)
  6 killer bees (D:9)
  3 troll zombies (D:12)
  9 wights (D:8)
  4 howler monkeys (D:9)
  A centaur zombie (D:9)
  A jelly (D:5)
  A gnoll shaman (D:9)
  2 hounds
  20 orc priests
  2 iguanas (D:6)
  28 orc wizards
  3 ogre zombies (D:12)
  A howler monkey zombie (D:5)
  11 gnolls
  6 adders
  A white imp (D:5)
  2 worms (D:2)
  59 orcs
  3 ball pythons
  10 endoplasms
  3 giant cockroaches
  8 goblins
  7 hobgoblins
  5 quokkas
  2 bats
  3 frilled lizards
  2 goblin skeletons (D:12)
  3 goblin zombies (D:12)
  2 hobgoblin skeletons (D:12)
  3 hobgoblin zombies (D:12)
  7 kobolds
  2 orc skeletons (D:12)
  7 orc zombies (D:12)
  4 rats
  A bush (D:1)
417 creatures vanquished.

Vanquished Creatures (others)
  A quokka (D:9)
  46 fulminant prisms
  5 fungi
  9 plants
61 creatures vanquished.

Grand Total: 478 creatures vanquished

Notes
Turn   | Place    | Note
-------+----------+-------------------------------------------
     0 | D:1      | AlmostDecent the Gnoll Earth Elementalist began the quest
                  | for the Orb.
     0 | D:1      | Reached XP level 1. HP: 13/13 MP: 6/6
   156 | D:1      | Reached XP level 2. HP: 19/19 MP: 5/7
  1418 | D:2      | Reached XP level 3. HP: 25/25 MP: 7/9
  1457 | D:2      | Reached skill level 5 in Spellcasting
  1519 | D:2      | Reached skill level 1 in Invocations
  1816 | D:2      | Learned a level 3 spell: Stone Arrow
  1817 | D:2      | Reached skill level 1 in Fighting
  1817 | D:2      | Reached skill level 1 in Short Blades
  1817 | D:2      | Reached skill level 1 in Long Blades
  1817 | D:2      | Reached skill level 1 in Axes
  1817 | D:2      | Reached skill level 1 in Maces & Flails
  1817 | D:2      | Reached skill level 1 in Polearms
  1817 | D:2      | Reached skill level 1 in Staves
  1817 | D:2      | Reached skill level 1 in Slings
  1817 | D:2      | Reached skill level 1 in Bows
  1817 | D:2      | Reached skill level 1 in Crossbows
  1817 | D:2      | Reached skill level 1 in Throwing
  1817 | D:2      | Reached skill level 1 in Armour
  1817 | D:2      | Reached skill level 1 in Shields
  1817 | D:2      | Reached skill level 1 in Unarmed Combat
  1817 | D:2      | Reached skill level 1 in Evocations
  1969 | D:2      | Noticed a shining eye
  1971 | D:2      | Found a faded altar of an unknown god.
  1973 | D:2      | Noticed a floating eye
  1973 | D:2      | Noticed a golden eye
  1973 | D:2      | Noticed a shining eye
  2106 | D:2      | Reached XP level 4. HP: 32/32 MP: 3/11
  2720 | D:3      | Noticed a water moccasin
  2726 | D:3      | Found a transporter.
  2729 | D:3      | Noticed Anonymone's ghost (amateur DsAK)
  2748 | D:3      | Found a transporter.
  2829 | D:3      | Reached skill level 1 in Conjurations
  2829 | D:3      | Reached skill level 1 in Hexes
  2829 | D:3      | Reached skill level 1 in Summonings
  2829 | D:3      | Reached skill level 1 in Necromancy
  2829 | D:3      | Reached skill level 1 in Translocations
  2829 | D:3      | Reached skill level 1 in Fire Magic
  2829 | D:3      | Reached skill level 1 in Ice Magic
  2829 | D:3      | Reached skill level 1 in Air Magic
  2829 | D:3      | Reached skill level 1 in Poison Magic
  3368 | D:3      | Reached XP level 5. HP: 37/37 MP: 10/12
  3811 | D:4      | Identified the ring "Zearu Reu" {Str-3 Int+3 SInv Stlth+}
  4220 | D:4      | Found a large runed translucent door.
  4221 | D:4      | Found a large runed translucent door.
  4224 | D:4      | Noticed dornbeast's ghost (novice HOGl)
  4410 | D:5      | Entered Level 5 of the Dungeon
  4412 | D:5      | Noticed Grinder
  4590 | D:5      | Killed Grinder
  4591 | D:5      | Reached skill level 5 in Dodging
  4591 | D:5      | Reached XP level 6. HP: 42/44 MP: 8/14
  4744 | D:5      | Reached XP level 7. HP: 44/50 MP: 9/15
  5114 | D:5      | Reached skill level 5 in Stealth
  5488 | D:5      | Reached XP level 8. HP: 6/57 MP: 6/16
  6189 | D:6      | Reached skill level 6 in Spellcasting
  6682 | D:6      | Noticed Eustachio
  6690 | D:6      | Killed Eustachio
  6733 | D:6      | Reached XP level 9. HP: 65/65 MP: 14/18
  6849 | D:6      | Found a staircase to the Ecumenical Temple.
  6860 | Temple   | Entered the Ecumenical Temple
  6928 | Temple   | Became a worshipper of Vehumet
  7300 | D:7      | Found a broken altar of Ashenzari.
  7334 | D:7      | Found a sacrificial altar of Ru.
  8671 | D:8      | Identified the +5 spear "Xeopp" {vamp, rPois Will+ Int+5}
  8716 | D:8      | Reached skill level 5 in Invocations
  8716 | D:8      | Noticed Harold
  9037 | D:8      | Killed Harold
  9038 | D:8      | Reached skill level 7 in Spellcasting
  9038 | D:8      | Reached XP level 10. HP: 6/73 MP: 1/20
  9696 | D:8      | Noticed Prince Ribbit
  9698 | D:8      | Killed Prince Ribbit
  9699 | D:8      | Reached skill level 5 in Fighting
  9699 | D:8      | Reached skill level 5 in Short Blades
  9699 | D:8      | Reached skill level 5 in Long Blades
  9699 | D:8      | Reached skill level 5 in Axes
  9699 | D:8      | Reached skill level 5 in Maces & Flails
  9699 | D:8      | Reached skill level 5 in Polearms
  9699 | D:8      | Reached skill level 5 in Staves
  9699 | D:8      | Reached skill level 5 in Slings
  9699 | D:8      | Reached skill level 5 in Bows
  9699 | D:8      | Reached skill level 5 in Crossbows
  9699 | D:8      | Reached skill level 5 in Throwing
  9699 | D:8      | Reached skill level 5 in Armour
  9699 | D:8      | Reached skill level 5 in Shields
  9699 | D:8      | Reached skill level 5 in Unarmed Combat
  9699 | D:8      | Reached skill level 5 in Evocations
  9721 | D:8      | Noticed Pikel
  9724 | D:8      | Killed Pikel
 10149 | D:8      | Noticed Erica
 10151 | D:8      | Found a glowing silver altar of Zin.
 10174 | D:8      | Reached skill level 5 in Transmutations
 10495 | D:8      | Killed Erica
 10495 | D:8      | Reached * piety under Vehumet
 10495 | D:8      | Offered knowledge of Freeze by Vehumet.
 10773 | D:9      | Reached XP level 11. HP: 46/81 MP: 1/22
 11258 | D:9      | Reached skill level 5 in Conjurations
 11258 | D:9      | Reached skill level 5 in Hexes
 11258 | D:9      | Reached skill level 5 in Summonings
 11258 | D:9      | Reached skill level 5 in Necromancy
 11258 | D:9      | Reached skill level 5 in Translocations
 11258 | D:9      | Reached skill level 5 in Fire Magic
 11258 | D:9      | Reached skill level 5 in Ice Magic
 11258 | D:9      | Reached skill level 5 in Air Magic
 11258 | D:9      | Reached skill level 5 in Poison Magic
 11372 | D:9      | Found a white marble altar of Elyvilon.
 11405 | D:9      | Reached skill level 8 in Spellcasting
 11850 | D:9      | Offered knowledge of Scorch by Vehumet.
 11853 | D:9      | Reached ** piety under Vehumet
 12196 | D:9      | Identified the +4 ring mail "Roliptikh" {*Corrode Str-3
                  | Int+8 Slay+5}
 12211 | D:9      | Learned a level 4 spell: Olgreb's Toxic Radiance
 12557 | D:10     | Entered Level 10 of the Dungeon
 12928 | D:10     | Noticed Maggie
 12942 | D:10     | Killed Maggie
 13086 | D:10     | Learned a level 4 spell: Fulminant Prism
 13642 | D:11     | Noticed a seven-headed hydra
 13648 | D:11     | Killed a seven-headed hydra
 13710 | D:11     | Noticed a manticore
 13717 | D:11     | Killed a manticore
 13931 | D:11     | Found a staircase to the Lair.
 13950 | D:11     | Noticed a two-headed ogre
 14008 | D:11     | Killed a two-headed ogre
 14276 | D:11     | Learned a level 5 spell: Borgnjor's Vile Clutch
 14281 | D:11     | Learned a level 4 spell: Animate Dead
 14449 | D:11     | Found a shimmering blue altar of Sif Muna.
 14616 | D:11     | Reached XP level 12. HP: 71/89 MP: 22/24
 15127 | D:12     | Offered knowledge of Ignite Poison by Vehumet.
 15142 | D:12     | Reached *** piety under Vehumet
 15313 | D:12     | Found a staircase to the Orcish Mines.
 15366 | D:12     | Noticed Gastronok
 15578 | D:12     | Killed Gastronok
 15825 | D:12     | Found a frozen archway.
 15877 | D:12     | Offered knowledge of Mephitic Cloud by Vehumet.
 15882 | D:12     | Learned a level 3 spell: Mephitic Cloud
 16591 | D:12     | Noticed an eight-headed hydra
 16599 | D:12     | Killed an eight-headed hydra
 16600 | D:12     | Reached skill level 9 in Spellcasting
 16766 | Orc:1    | Entered Level 1 of the Orcish Mines
 16766 | Orc:1    | Noticed Josephine
 17201 | Orc:1    | Killed Josephine
 17346 | Orc:1    | Reached **** piety under Vehumet
 17551 | Orc:2    | Entered Level 2 of the Orcish Mines
 17555 | Orc:2    | Noticed a two-headed ogre
 17558 | Orc:2    | Offered knowledge of Lee's Rapid Deconstruction by Vehumet.
 17560 | Orc:2    | Killed a two-headed ogre
 17565 | Orc:2    | Noticed an orc high priest
 17571 | Orc:2    | Noticed a sun demon
 17573 | Orc:2    | Killed an orc high priest
 17868 | Orc:2    | Noticed Saint Roka
 18172 | Orc:2    | Reached XP level 13. HP: 71/98 MP: 14/26
 18180 | Orc:2    | Killed Saint Roka
 18499 | Orc:2    | Reached ***** piety under Vehumet
 18499 | Orc:2    | Offered knowledge of Freezing Cloud by Vehumet.
 18501 | Orc:2    | Paralysed by an orc sorcerer for 5 turns
 18661 | Orc:2    | Found Wiexeluy's Antique Armour Shoppe.
 18661 | Orc:2    | Found Yrax's Antique Armour Shoppe.
 18662 | Orc:2    | Found Higakh's Magic Scroll Emporium.
 18667 | Orc:2    | Found Sunaguas's Book Emporium.
 18703 | Orc:2    | Bought a scroll of acquirement for 728 gold pieces
 18703 | Orc:2    | Acquired the +4 cloak "Pavas" {Str+5 Int-2}
 18758 | Orc:2    | Found a staircase to the Elven Halls.
 19402 | D:11     | Learned a level 5 spell: Freezing Cloud
 19402 | D:11     | Upgraded the game from 0.28-b1-25-g9875b3fc8c to
                  | 0.28-b1-70-g80dc712255
 19403 | Lair:1   | Entered Level 1 of the Lair of Beasts
 19690 | Lair:1   | You fall into a shaft and drop 1 floor!
 20689 | Lair:2   | Reached skill level 10 in Spellcasting
 21175 | Lair:2   | Found a staircase to the Shoals.
 21665 | Lair:3   | HP: 4/99 [eight-headed hydra (7)]
 21665 | Lair:3   | HP: 1/99 [eight-headed hydra (3)]
 21666 | Lair:3   | Mangled by an eight-headed hydra

Illustrated notes

Levels and vault maps discovered:
D:1:      minmay_arrival_arboretum_small, layout_basic, serial_forest,
          infiniplex_forest_end_1, infiniplex_forest_end_1,
          infiniplex_forest_lined_3, infiniplex_forest_straight_4,
          infiniplex_forest_clump_small, infiniplex_forest_lined_room_
D:2:      layout_rooms, hellmonk_ecumenical_altar_watching_god
D:3:      layout_loops_corners, gammafunk_ghost_arena
D:4:      layout_gridville, ebering_ghost_disaster_area, minmay_misc_feat_alley,
          minmay_misc_feat_tiny
D:5:      layout_layer_cave, uniq_grinder
D:6:      layout_basic, minmay_temple_entry_statues_fountains, uniq_eustachio
D:7:      layout_loops_corners, mainiacjoe_overflow_large_starburst,
          chequers_serial_rivers_micro_a
D:8:      layout_basic, amcnicky_altar_gilded, uniq_harold, uniq_pikel,
          uniq_erica, uniq_prince_ribbit1
D:9:      layout_loops_corners, elyvilon_altar_4,
          chequers_serial_rivers_large_a, abandoned_shop, skrybe_limestone_x
D:10:     layout_basic, uniq_maggie
D:11:     layout_gridville, lair_entry_dummy, lemuel_blue_sif_altar
D:12:     layout_stronghold, zombieorc1_lemuel, portal_ice_cave_entry_pillars_2,
          uniq_gastronok
Temple:   mainiacjoe_temple_coin_purse
Lair:1:   layout_regular_city, st_stairs_7
Lair:2:   layout_small_grid, minmay_shoals_entry_hut
Lair:3:   layout_chaotic_city, lemuel_fruit_fields, grunt_megastairs_4,
          lemuel_fruit_fields
Orc:1:    layout_caves, serial_shops, uniq_josephine
Orc:2:    st_orc_mages, layout_caves, uniq_saint_roka

Skill      XL: |  1  2  3  4  5  6  7  8  9 10 11 12 13 |
---------------+----------------------------------------+-----
Transmutations | 2 3 4 5 6 7 |  7.6
Spellcasting   | 5 6 7 8 9 10 | 10.1
Invocations    | 1 2 3 4 5 6 7 8 9 |  9.5
Fighting       | 1 2 3 4 5 6 7 8 |  8.7
Short Blades   | 1 2 3 4 5 6 7 8 |  8.7
Long Blades    | 1 2 3 4 5 6 7 8 |  8.7
Axes           | 1 2 3 4 5 6 7 8 |  8.7
Maces & Flails | 1 2 3 4 5 6 7 8 |  8.7
Polearms       | 1 2 3 4 5 6 7 8 |  8.7
Staves         | 1 2 3 4 5 6 7 8 |  8.7
Slings         | 1 2 3 4 5 6 7 8 |  8.7
Bows           | 1 2 3 4 5 6 7 8 |  8.7
Crossbows      | 1 2 3 4 5 6 7 8 |  8.7
Throwing       | 1 2 3 4 5 6 7 8 |  8.7
Armour         | 1 2 3 4 5 6 7 8 |  8.7
Shields        | 1 2 3 4 5 6 7 8 |  8.7
Unarmed Combat | 1 2 3 4 5 6 7 8 |  8.7
Evocations     | 1 2 3 4 5 6 7 8 |  8.7
Conjurations   | 1 2 3 4 5 6 7 |  7.3
Hexes          | 1 2 3 4 5 6 7 |  7.3
Summonings     | 1 2 3 4 5 6 7 |  7.3
Necromancy     | 1 2 3 4 5 6 7 |  7.3
Translocations | 1 2 3 4 5 6 7 |  7.3
Fire Magic     | 1 2 3 4 5 6 7 |  7.3
Ice Magic      | 1 2 3 4 5 6 7 |  7.3
Air Magic      | 1 2 3 4 5 6 7 |  7.3
Poison Magic   | 1 2 3 4 5 6 7 |  7.3
Dodging        | 5 6 7 8 9 |  9.9
Stealth        | 5 6 7 8 9 |  9.7
Earth Magic    | 6 7 8 9 |  9.2

Action                   |  1- 3 |  4- 6 |  7- 9 | 10-12 | 13-15 || total
-------------------------+-------+-------+-------+-------+-------++-------
Melee: Unarmed           |     5 |       |       |       |       ||     5
       Dagger            |   434 |       |       |       |       ||   434
       Bite              |   118 |       |     2 |    10 |    11 ||   141
       Hand axe          |    96 |    20 |       |       |       ||   116
       Punch             |    12 |     1 |       |     5 |     3 ||    21
       War axe           |       |     1 |     3 |       |       ||     4
       Spear             |       |       |     2 |    71 |    56 ||   129
 Cast: Sandblast         |    45 |    16 |    41 |    47 |     6 ||   155
       Stone Arrow       |     5 |    33 |    96 |   249 |   108 ||   491
       Olgreb's Toxic Ra |       |       |       |    21 |     9 ||    30
       Fulminant Prism   |       |       |       |    34 |    12 ||    46
       Animate Dead      |       |       |       |     1 |     2 ||     3
       Borgnjor's Vile C |       |       |       |     1 |     1 ||     2
       Freezing Cloud    |       |       |       |       |     2 ||     2
  Use: Potion            |       |     2 |     2 |     1 |     1 ||     6
       Scroll            |       |     8 |     6 |     5 |     2 ||    21
 Stab: Distracted        |       |       |       |       |     1 ||     1
Armor: Robe              |     3 |     7 |     4 |       |       ||    14
       Steam dragon scal |       |       |       |    50 |    50 ||   100
Dodge: Dodged            |     9 |    16 |    21 |   190 |    96 ||   332
